Map: Radhuset Station LE

Players

ImmortalTech

  • Race: Zerg Zerg
  • League: Gold
  • Spawn Location: 7:00

SubN - Winner!

  • Race: Zerg Zerg
  • League: Diamond
  • Spawn Location: 1:00

VOD

Have the link to the VOD?

Description

Time

  • Played on: Dec. 17, 2023, 1 p.m.
  • Length: 3:13
Show
View Real Time Build Order
Export as new Build Order

ImmortalTech Zerg 

Build Orders: Pool First 

Get SALT Encoding   

  12  0:00  Drone  
  13  0:08  Drone  
  14  0:19  Extractor  
  14  0:20  Drone  
  14  0:32  Spawning Pool  
  13  0:35  Drone  
  14  0:44  Overlord  
  14  1:02  Drone x3  
  17  1:07  Evolution Chamber  
  16  1:16  Drone  
  17  1:24  Extractor  
  16  1:27  Queen  
  16  1:32  Drone  
  19  1:40  Metabolic Boost  
  19  1:44  Drone  
  20  1:49  Drone  
  21  2:01  Drone  
  22  2:24  Hatchery  
  22  2:28  Drone  
  22  2:33  Overlord  
  22  2:56  Drone  
Show
View Real Time Build Order
Export as new Build Order

SubN Zerg - Winner!

Build Orders: Pool First 

Get SALT Encoding   

  12  0:00  Drone  
  13  0:12  Drone  
  14  0:22  Extractor  
  13  0:28  Spawning Pool  
  12  0:56  Hatchery  
  11  1:18  Queen  
  13  1:25  Overlord  
  13  1:37  Metabolic Boost  
  13  1:43  Zergling x2  
  14  1:47  Zergling x2  
  14  1:53  Zergling x2  
  16  1:57  Zergling x2  
  17  2:06  Zergling x2  
  18  2:09  Zergling x2  
  19  2:21  Queen  
  21  2:30  Zergling x2  
  21  2:32  Zergling x2  
  21  2:36  Zergling x2  
  24  2:41  Zergling x2  
Tags
 
Add a new tag
Caveats
  • Supply blocks, unpowered buildings, or Contaminate may cause inaccurate times.
  • Supply counts are checked every 10 seconds.